 Dungeon Crawl Stone Soup version 0.17-a0-2073-gde5cdba (webtiles) character file.

626 patman the Basher (level 7, -2/35 HPs)
             Began as a Vine Stalker Fighter on Oct 14, 2015.
             Was a Follower of Ru.
             Slain by a hell rat (15 damage)
             ... on level 5 of the Dungeon.
             The game lasted 00:11:19 (3875 turns).

patman the Basher (Vine Stalker Fighter)            Turns: 3875, Time: 00:11:19

Health: -2/35      AC:  8    Str: 18    XL:     7   Next: 47%
Magic:  0/8        EV:  7    Int:  8    God:    Ru [*.....]
Gold:   40         SH:  8    Dex: 16    Spells: 0 memorised, 6 levels left

rFire  . . .     SeeInvis .     a - +0 flail
rCold  . . .     Clarity  .     s - +0 ring mail (curse)
rNeg   . . .     SustAt   .     c - +0 shield
rPois  .         Gourm    .     E - +0 helmet
rElec  .         Spirit   +     (no cloak)
rCorr  .         Warding  .     t - +0 pair of gloves
rMut   .         Stasis   .     n - +0 pair of boots
MR     .....                    (no amulet)
Stlth  +.........               (no ring)
                                (no ring)

@: drained, not resistant to hostile enchantments, very unstealthy
A: fangs 2, regeneration 2, magic shield, antimagic bite, no device heal 3, rot
immunity, inexperienced 1
a: Renounce Religion


You were on level 5 of the Dungeon.
You worshipped Ru.
Ru was aware of your devotion.
You were not hungry.

You visited 1 branch of the dungeon, and saw 5 of its levels.

You collected 215 gold pieces.
You spent 175 gold pieces at shops.

Inventory:

Hand Weapons
 a - a +0 flail (weapon)
 G - a +0 blowgun
Missiles
 k - 260 stones (quivered)
Armour
 b - a +0 scale mail
 c - a +0 shield (worn)
 n - a +0 pair of boots (worn)
 s - a cursed +0 ring mail (worn)
 t - a +0 pair of gloves (worn)
 E - a +0 helmet (worn)
Wands
 C - a wand of flame (27)
 H - a wand of fireball (7)
Scrolls
 l - a scroll of immolation {unknown}
 r - a scroll of fear {unknown}
 u - 2 scrolls of amnesia
 v - 5 scrolls of remove curse
 x - a scroll of teleportation {unknown}
 y - 2 scrolls of fog
 z - 3 scrolls of magic mapping
Potions
 f - a potion of cancellation
 g - a potion of haste {unknown}
 h - 2 potions of cure mutation {unknown}
 i - 4 potions of resistance
 j - 2 potions of curing {unknown}
 m - a potion of degeneration {unknown}
 o - a potion of heal wounds {unknown}
 p - a potion of ambrosia {unknown}
 w - a potion of invisibility {unknown}
 A - 2 potions of agility {unknown}
 D - 3 potions of lignification {unknown}
 F - a potion of poison {unknown}
Books
 J - a book of Dreams

   Spells                             Type                      Level
   a - Ensorcelled Hibernation        Hexes/Ice                    2
   b - Phase Shift                    Translocation                5
   c - Shadow Creatures               Summoning                    5
   d - Silence                        Hexes/Air                    5
   e - Darkness                       Hexes                        6
   f - Mass Confusion                 Hexes                        6
Comestibles
 e - 4 bread rations
 q - 4 meat rations
 I - a chunk of flesh


   Skills:
 - Level 2.6(1.7) Fighting
 * Level 9.1(8.0) Maces & Flails
 - Level 2.4(1.5) Armour
 - Level 2.6(1.7) Shields


You had 6 spell levels left.
You didn't know any spells.

Dungeon Overview and Level Annotations

Branches:
Dungeon (5/15)             Temple (0/1) D:5

Altars:
Ashenzari
Elyvilon
Makhleb
Ru
Sif Muna

Shops:
D:4 ?


Innate Abilities, Weirdness & Mutations

You have extremely sharp teeth.
You heal very quickly.
When hurt, damage is shared between your health and your magic reserves.
Your bite disrupts and absorbs the magic of your enemies.
Potions and wands cannot restore your health.
You are immune to rotting.
You are somewhat inexperienced (-2 XL).


Message History

The hell rat is lightly wounded.
You block the river rat's attack. You block the hell rat's attack.
You barely miss the hell rat. Your bite misses the hell rat.
The hell rat is lightly wounded.
The hell rat barely misses you. The river rat bites you.
You hit the hell rat but do no damage.
The hell rat is lightly wounded.
The hell rat barely misses you. You block the river rat's attack.
You closely miss the hell rat.
The hell rat is lightly wounded.
You block the hell rat's attack. You block the river rat's attack.
You hit the hell rat. Your bite misses the hell rat.
The hell rat is moderately wounded.
The hell rat bites you!
You feel drained. The river rat bites you. The hell rat barely misses you.
You sock the hell rat! Your bite misses the hell rat.
The hell rat is almost dead.
The river rat bites you but does no damage.
The hell rat bites you!
You die...

.##.##..#######.#
.##.###.# #.#
...## ### ### #
#### .## ..%##
#....# ###.....#
#### #.r.....#
...# ##@# ####
##r.# # ##.### #
##.#...## #
#..####.# ####
##†## .# ..>#
#.## #.# ..##
#..###.## #..#
#####†..#.#


You could see a hell rat and a river rat.

Vanquished Creatures
  The ghost of nago the Carver, a novice HOGl (D:4)
  The ghost of patman the Basher, a novice TeWn (D:5)
  2 ogres (D:4)
  A scorpion (D:4)
  A crimson imp (D:5)
  A hound (D:4)
  Ijyb (D:2)
  4 hell rats (D:5)
  A worker ant (D:4)
  Robin (D:4)
  5 adders
  3 river rats (D:5)
  An ooze (D:3)
  An adder skeleton (D:4)
  2 worms
  7 giant geckos
  10 bats
  4 giant cockroaches
  21 goblins
  15 hobgoblins
  3 jackals (D:2)
  5 kobolds
  2 quokkas (D:4)
  3 ball pythons
  A giant gecko skeleton (D:4)
  7 giant newts
  23 rats
  A butterfly (D:3)
128 creatures vanquished.

Notes
Turn   | Place    | Note
--------------------------------------------------------------
     0 | D:1      | patman the Vine Stalker Fighter began the quest for the Orb.
     0 | D:1      | Reached XP level 1. HP: 11/11 MP: 2/2
   105 | D:1      | Reached XP level 2. HP: 16/16 MP: 3/3
   279 | D:1      | Reached skill level 3 in Maces & Flails
   308 | D:1      | Reached XP level 3. HP: 19/19 MP: 4/4
  1194 | D:2      | Found a shattered altar of Ashenzari.
  1236 | D:2      | Reached XP level 4. HP: 23/23 MP: 5/5
  1649 | D:2      | Noticed Ijyb
  1664 | D:2      | Killed Ijyb
  1664 | D:2      | Reached skill level 4 in Maces & Flails
  1846 | D:3      | Reached XP level 5. HP: 21/27 MP: 6/6
  1895 | D:3      | Found a sacrificial altar of Ru.
  1903 | D:3      | Became a worshipper of Ru the Awakened
  1918 | D:3      | Found a burning altar of Makhleb.
  2471 | D:4      | Noticed nago's ghost (novice HOGl)
  2595 | D:4      | Noticed Robin
  2619 | D:4      | Killed Robin
  2619 | D:4      | Reached skill level 5 in Maces & Flails
  2808 | D:4      | Gained mutation: You heal very quickly. [Vine Stalker growth]
  2808 | D:4      | Reached XP level 6. HP: 23/32 MP: 7/7
  2849 | D:4      | Noticed an ogre
  2850 | D:4      | Found Deniut's Magic Scroll Boutique.
  2858 | D:4      | Killed an ogre
  2858 | D:4      | Reached skill level 6 in Maces & Flails
  2881 | D:4      | Noticed an ogre
  2890 | D:4      | Killed an ogre
  2895 | D:4      | Killed nago's ghost
  2895 | D:4      | Reached skill level 7 in Maces & Flails
  2895 | D:4      | Reached XP level 7. HP: 22/35 MP: 8/8
  2904 | D:4      | Bought a scroll of identify for 28 gold pieces
  2904 | D:4      | Bought a scroll of identify for 28 gold pieces
  2904 | D:4      | Bought a scroll of magic mapping for 49 gold pieces
  2904 | D:4      | Bought a scroll of remove curse for 42 gold pieces
  2904 | D:4      | Bought a scroll of fog for 28 gold pieces
  3007 | D:4      | Gained mutation: You are somewhat inexperienced (-2 XL). [Ru sacrifice]
  3007 | D:4      | Reached XP level 6. HP: 32/32 MP: 7/7
  3007 | D:4      | Reached XP level 5. HP: 27/27 MP: 6/6
  3007 | D:4      | Reached * piety under Ru
  3095 | D:4      | Found a deep blue altar of Sif Muna.
  3095 | D:4      | Found a white marble altar of Elyvilon.
  3317 | D:5      | Entered Level 5 of the Dungeon
  3318 | D:5      | Noticed patman's ghost (novice TeWn)
  3473 | D:5      | Killed patman's ghost
  3473 | D:5      | Reached skill level 8 in Maces & Flails
  3473 | D:5      | Reached XP level 6. HP: 21/32 MP: 4/7
  3473 | D:5      | Reached XP level 7. HP: 22/35 MP: 4/8
  3671 | D:5      | Found a staircase to the Ecumenical Temple.
  3825 | D:5      | Reached skill level 9 in Maces & Flails
  3875 | D:5      | Slain by a hell rat

Vault maps used:
D:1:      eino_arrival_water_star, item_on_display_a
D:2:      kennysheep_goblin_castle, ashenzari_altar_1
D:3:      nicolae_ru_sacrificial_ziggurat, lightli_temple_of_fire, first_bread,
          corexii_leaking_fountain, hangedman_glass_garden
D:4:      gammafunk_temple_overflow_elements, kennysheep_windowed_goal,
          uniq_robin
D:5:      lemuel_ratsnest, minmay_temple_entry_enclosed_plants,
          minmay_misc_feat_rows

Action                   |  1- 3 |  4- 6 |  7- 9 || total
-------------------------+-------+-------+-------++-------
Melee: Flail             |   133 |   189 |    77 ||   399
Invok: Sacrifice Experie |       |     1 |       ||     1
  Use: Potion            |       |     1 |     1 ||     2
       Scroll            |       |       |     5 ||     5
  Eat: Chunk             |       |     9 |     1 ||    10
